 Dungeon Crawl Stone Soup version 0.32-a0-422-g28b100f618 (webtiles) character file.

Game seed: 6499408132209450284

1251 javelincjr the Trooper (level 8, -5/73 HPs)
             Began as a Mountain Dwarf Monk on Feb 21, 2024.
             Killed from afar by an electric eel (9 damage)
             ... with a bolt of electricity
             ... on level 7 of the Dungeon.
             The game lasted 00:16:56 (5102 turns).

javelincjr the Trooper (Mountain Dwarf Monk)        Turns: 5102, Time: 00:16:57

Health: -5/73      AC: 12    Str: 17    XL:     8   Next: 26%
Magic:  17/17      EV: 12    Int: 13    God:
Gold:   570        SH:  0    Dex: 12    Spells: 6/7 levels left

rFire   . . .        l - +1 hand axe (drain)
rCold   . . .        d - orb {light}
rNeg    . . .        M - +5 leather armour of the Pleiades {MP+9 Int+3}
rPois   +            (no helmet)
rElec   .            k - scarf {harm}
rCorr   .            (no gloves)
SInv    .            (no boots)
Will    .....        (no amulet) Stlth
                     q - ring of poison resistance
HPRegen 0.32/turn    t - +4 ring of protection
MPRegen 0.15/turn

%: harm (+30% outgoing, +20% incoming)
@: confused, ambrosia-drunk, glowing
A: runic magic, artefact enchanting
a: no special abilities


You were on level 7 of the Dungeon.
You visited 2 branches of the dungeon, and saw 8 of its levels.

You collected 570 gold pieces.

Inventory:

Hand Weapons
 a - a +0 hand axe
 l - a +1 hand axe of draining (weapon)
 y - a +2 dagger of flaming
 K - a +0 war axe
Missiles
 E - 5 poisoned darts (quivered)
Armour
 d - an orb of light (worn)
 e - a +0 ring mail
 i - a +0 leather armour
 j - a +0 chain mail
 k - a scarf of harm (worn)
 D - a +0 kite shield
 I - a +0 chain mail
 M - the +5 leather armour of the Pleiades (worn) {MP+9 Int+3}
   (You found it on level 6 of the Dungeon)

   Int+3:     It affects your intelligence (+3).
   MP+9:      It affects your magic capacity (+9).
Magical Staves
 s - a staff of cold
Jewellery
 q - a ring of poison resistance (left hand)
 t - a +4 ring of protection (right hand)
 F - a ring of protection from fire
 G - a ring of ice
Talismans
 B - a blade talisman
 H - a serpent talisman
Wands
 r - a wand of flame (13)
Scrolls
 f - 2 scrolls of identify
 g - a scroll of enchant weapon {unknown}
 p - 2 scrolls of teleportation {unknown}
 u - a scroll of immolation {unknown}
 v - a scroll of vulnerability {unknown}
 w - 3 scrolls of fear {unknown}
 A - a scroll of revelation {unknown}
 C - 2 scrolls of enchant armour {unknown}
 J - a scroll of acquirement {unknown}
 L - a scroll of blinking {unknown}
Potions
 b - a potion of might {unknown}
 h - a potion of heal wounds {unknown}
 m - a potion of attraction {unknown}
 n - a potion of degeneration {unknown}
 o - a potion of brilliance {unknown}
 x - a potion of berserk rage {unknown}
 z - 2 potions of haste
 N - a potion of magic {unknown}


   Skills:
 * Level 7.4 Fighting
 + Level 6.2 Axes
 + Level 4.3 Armour
 + Level 3.9 Dodging
 + Level 2.7 Shields


You had 6 spell levels left.
You knew the following spells:

 Your Spells              Type           Power      Damage    Failure   Level
a - Foxfire               Conj/Fire      0%         2x1d4     32%         1

Your spell library contained the following spells:

 Spells                   Type           Power      Damage    Failure   Level
 Apportation              Tloc           0%         N/A       32%         1
 Freeze                   Ice            0%         1d3       32%         1
 Necrotise                Necr           0%         1d4       32%         1
 Sting                    Conj/Alch      0%         1d3       32%         1
 Summon Small Mammal      Summ           0%         N/A       32%         1
 Mercury Vapours          Alch/Air       0%         N/A       43%         2
 Frozen Ramparts          Ice            0%         1d1       67%         3
 Hailstorm                Conj/Ice       0%         3d5       67%         3
 Inner Flame              Hex/Fire       0%         N/A       67%         3
 Mephitic Cloud           Conj/Alch/Air  0%         N/A       67%         3
 Vampiric Draining        Necr           0%         2d6       67%         3
 Flame Wave               Conj/Fire      0%         2d4       97%         4
 Martyr's Knell           Necr/Summ      0%         N/A       97%         4
 Sticky Flame             Fire/Alch      0%         2d4       97%         4
 Curse of Agony           Necr           0%         N/A       100%        5
 Freezing Cloud           Conj/Ice/Air   0%         6-21      100%        5
 Plasma Beam              Fire/Air       0%         2x1d10    100%        6
 Starburst                Conj/Fire      0%         6d3       100%        6


Dungeon Overview and Level Annotations

Branches:
Dungeon (7/15)             Temple (1/1) D:6

Altars:
Ashenzari
Dithmenos
Fedhas
Gozag
Kikubaaqudgha
Makhleb
Nemelex Xobeh
Okawaru
Ru
Sif Muna
Trog
Uskayaw
Vehumet
Wu Jian
Xom
Yredelemnul
Zin
The Shining One

Shops:
D:1 !

Annotations:
D:6 1 runed translucent door, kd29's ghost, novice MDMo


Innate Abilities, Weirdness & Mutations

Your spellcasting is much less encumbered by armour.
You can use scrolls of enchantment on lesser artefacts.


Message History

The bolt of electricity hits the electric eel.
The electric eel completely resists.
The bolt of electricity hits you.
The electric eel shoots out a bolt of lightning at you!
The bolt of electricity hits you!
The electric eel shoots out a bolt of lightning at you!
The bolt of electricity hits the electric eel.
The electric eel completely resists.
The bolt of electricity hits you.
You closely miss the electric eel. You hit the electric eel.
You drain the electric eel.
The electric eel is moderately wounded.
The bullfrog snags a nearby mosquito with its tongue.
The bullfrog hits the plant.
The plant begins to die.
An electric eel comes into view.
You closely miss the electric eel.
The electric eel is moderately wounded.
The bullfrog completely misses the plant.
The electric eel shoots out a bolt of lightning at you!
The bolt of electricity hits you!
The bullfrog hits the plant!
The electric eel shoots out a bolt of lightning at you!
The bolt of electricity hits the electric eel.
The electric eel completely resists.
The bolt of electricity hits you.
As you read the scroll labelled WIEPPATOIP, it crumbles to dust.
It is a scroll of identify.
z - 2 potions of haste The bullfrog hits the plant.
The electric eel shoots out a bolt of lightning at you!
The bolt of electricity hits the electric eel.
The electric eel completely resists.
The bolt of electricity hits you!
* * * LOW HITPOINT WARNING * * *
You are confused.
You feel invigorated.
The bullfrog hits the plant!
The electric eel shoots out a bolt of lightning at you!
The bolt of electricity hits you!
* * * LOW HITPOINT WARNING * * *
The electric eel shoots out a bolt of lightning at you!
The bolt of electricity hits the electric eel.
The electric eel completely resists.
The bolt of electricity hits the electric eel.
The electric eel completely resists.
The bolt of electricity hits you!
You die...

##### ##...## ..#
##.....## #..#
##.......# #..
##......♣~♣♣♣♣ #.#
##......♣P~~~~~
#..##......@SF~~~~≈
#..#.......♣S~~P~≈
#......##♣~P~P~~S
#..###.#♣~~~~~~~~
##..##..♣.P~.~♣~~
##...........~.~
##............
#..♣~P~~.....
##.♣~♣~~~~P


You could see a bullfrog and 3 electric eels.

Vanquished Creatures
  A black bear (D:5)
  An ice beast (D:5)
  3 ogres
  A phantom (D:6)
  A bullfrog (D:6)
  3 scorpions (D:5)
  A howler monkey (D:6)
  A bombardier beetle (D:6)
  2 hounds
  3 sleepcaps
  An iguana (D:6)
  A statue (D:6)
  4 gnolls (D:6)
  6 adders
  3 ribbon worms
  A dart slug (D:1)
  6 orcs
  12 ball pythons
  5 endoplasms
  2 giant cockroaches
  9 goblins
  6 hobgoblins
  2 jackals (D:1)
  A quokka (D:2)
  A bat (D:2)
  A frilled lizard (D:1)
  6 kobolds
  8 rats
92 creatures vanquished.

Vanquished Creatures (others)
  32 foxfires
32 creatures vanquished.

Grand Total: 124 creatures vanquished

Notes
Turn   | Place    | Note
-------+----------+-------------------------------------------
     0 | D:1      | javelincjr the Mountain Dwarf Monk began the quest for the
                  | Orb.
     0 | D:1      | Reached XP level 1. HP: 19/19 MP: 1/1
    88 | D:1      | Found Cecalode's Distillery.
   197 | D:1      | Reached XP level 2. HP: 23/26 MP: 2/2
   252 | D:1      | Found a faded altar of an unknown god.
   366 | D:1      | Reached skill level 1 in Armour
   756 | D:2      | Reached XP level 3. HP: 33/33 MP: 3/3
   758 | D:2      | Reached skill level 4 in Fighting
  1087 | D:2      | Reached XP level 4. HP: 33/40 MP: 4/4
  2276 | D:4      | Learned a level 1 spell: Foxfire
  2332 | D:4      | Reached XP level 5. HP: 47/47 MP: 5/5
  2438 | D:4      | Noticed an ogre
  2463 | D:4      | Killed an ogre
  2464 | D:4      | Reached skill level 5 in Fighting
  2626 | D:4      | Noticed an ogre
  2642 | D:4      | Killed an ogre
  2643 | D:4      | Reached skill level 5 in Axes
  2643 | D:4      | Reached XP level 6. HP: 56/56 MP: 0/6
  2795 | D:4      | Found a shimmering blue altar of Sif Muna.
  2943 | D:5      | Entered Level 5 of the Dungeon
  3057 | D:5      | Reached skill level 6 in Fighting
  3057 | D:5      | Reached XP level 7. HP: 63/63 MP: 7/7
  3126 | D:5      | Reached skill level 1 in Shields
  3272 | D:5      | Found a glowing golden altar of the Shining One.
  4035 | D:6      | Found a staircase to the Ecumenical Temple.
  4045 | Temple   | Entered the Ecumenical Temple
  4271 | D:6      | Reached skill level 7 in Fighting
  4349 | D:6      | Found a radiant altar of Vehumet.
  4467 | D:6      | Found an ornate altar of the Wu Jian Council.
  4480 | D:6      | Reached XP level 8. HP: 73/73 MP: 8/8
  4525 | D:6      | Found a broken altar of Ashenzari.
  4546 | D:6      | Found a hide-covered altar of Uskayaw.
  4591 | D:6      | Found a runed translucent door.
  4591 | D:6      | Noticed kd29's ghost (novice MDMo)
  4645 | D:6      | Identified the +5 leather armour of the Pleiades {MP+9
                  | Int+3}
  5102 | D:7      | Killed from afar by an electric eel

Illustrated notes

Levels and vault maps discovered:
D:1:      dpeg_arrival_snail, layout_basic, serial_shops,
          nicolae_shop_advertising_works [nicolae_subvault_shop_adworks],
          basic_ecumenical_altar
D:2:      layout_basic, minmay_pentomino_w2
D:3:      layout_basic
D:4:      layout_basic, led_sif_pool
D:5:      layout_basic, kennysheep_mini, serial_library_hellmonk_statue_hall,
          patterned_corridor
D:6:      layout_loops_ring, lemuel_crystal_altar, nicolae_overflow_squiral,
          vehumet_statue, temple_statues, ebering_ghost_reflecting_pool
D:7:      layout_cave_pods, elyvilon_altar_5, serial_shops, shop,
          serial_bayou_ford_a, uniq_maggie
Temple:   nicolae_temple_slightly_damp_pantheon

Skill      XL: |  1  2  3  4  5  6  7 |
---------------+----------------------+-----
Armour         | 1 2 3 4 |  4.3
Axes           | 4 5 6 |  6.2
Fighting       | 4 5 6 7 |  7.4
Dodging        | 3 |  3.9
Shields        | 2 |  2.7

Action                     |  1- 3 |  4- 6 |  7- 9 || total
---------------------------+-------+-------+-------++-------
  Melee: Hand axe          |    68 |    86 |    81 ||   235
  Throw: Dart              |       |       |     5 ||     5
   Cast: Foxfire           |       |     7 |    13 ||    20
    Use: Scroll            |       |       |     1 ||     1
         Potion            |       |       |     1 ||     1
 Armour: Robe              |     7 |       |       ||     7
         Leather armour    |    22 |    36 |    53 ||   111
  Dodge: Dodged            |    37 |    52 |    38 ||   127

Table legend: (Time is in decaauts)
 A = Elapsed time spent in this place.
 B = Non-inter-level travel time spent in this place.
 C = Inter-level travel time spent in this place.
 D = Time resting spent in this place.
 E = Time spent auto-exploring this place.
 F = Levels seen in this place.
 G = Mean time per level.
                   A        B        C        D        E       F      G
               +--------+--------+--------+--------+--------+-----+--------+
         Total |   5114 |   4873 |    241 |      0 |   3903 |   8 |  639.2 |
       Dungeon |   4972 |   4731 |    241 |      0 |   3903 |   7 |  710.3 |
        Temple |    141 |    141 |      0 |      0 |      0 |   1 |  141.0 |
               +--------+--------+--------+--------+--------+-----+--------+

Top non-repeatable levels by time:
     D:6: 1049 daAuts
     D:5: 888 daAuts
     D:2: 878 daAuts
     D:4: 756 daAuts
     D:1: 753 daAuts
     D:3: 565 daAuts
  Temple: 141 daAuts
     D:7: 79 daAuts
